 Dungeon Crawl Stone Soup version 0.32-a0-913-g739538afd8 (webtiles) character file.

Game seed: 2716284403239084396

21081 jasper the Geomancer (level 12, 0/101 HPs)
             Began as a Demigod Conjurer on Apr 9, 2024.
             Killed from afar by a kobold blastminer (32 damage)
             ... with an iron shot
             ... on level 1 of the Orcish Mines.
             The game lasted 00:21:42 (12827 turns).

jasper the Geomancer (Demigod Conjurer)            Turns: 12827, Time: 00:21:43

Health: 0/101      AC: 12    Str:  8    XL:     12   Next: 21%
Magic:  0/27       EV: 12    Int: 45    God:
Gold:   152        SH:  5    Dex: 12    Spells: 2/25 levels left

rFire   . . .        F - +3 dagger (venom)
rCold   . . .        p - +0 buckler
rNeg    . . .        a - +0 robe
rPois   .            s - +1 helmet {Int+3}
rElec   .            N - +2 cloak {Will+}
rCorr   .            u - +2 pair of gloves
SInv    +            C - +0 pair of boots
Will    ++...        (no amulet)
Stlth   ++           c - ring of flight
HPRegen 0.36/turn    M - +6 ring of intelligence
MPRegen 0.20/turn

%: no passive effects
@: flying, studying Long Blades
A: high MP 1, forlorn, divine attributes, iridescent scales 1, see invisible,
deformed body
a: no special abilities


You were on level 1 of the Orcish Mines.
You visited 2 branches of the dungeon, and saw 10 of its levels.
You also visited: Bailey.

You collected 708 gold pieces.
You spent 556 gold pieces at shops.

Inventory:

Hand Weapons
 d - a +0 short sword
 i - a +0 quarterstaff
 j - a +0 morningstar
 w - a +0 rapier
 F - a +3 dagger of venom (weapon)
Missiles
 k - 12 poisoned darts
 E - 2 curare-tipped darts
Armour
 a - a +0 robe (worn)
 m - a +0 pair of gloves
 o - a +1 pair of gloves
 p - a +0 buckler (worn)
 s - a +1 helmet of intelligence (worn)
 u - a +2 pair of gloves (worn)
 C - a +0 pair of boots (worn)
 N - a +2 cloak of willpower (worn)
Magical Staves
 f - a staff of alchemy
 H - a staff of death
Jewellery
 c - a ring of flight (left hand)
 h - a ring of fire
 I - an amulet of guardian spirit
 M - a +6 ring of intelligence (right hand)
 S - a +6 ring of dexterity
Wands
 t - a wand of flame (27)
 y - a wand of digging (4)
 K - a wand of charming (17)
 L - a wand of roots (11)
Scrolls
 e - 4 scrolls of fog
 l - 3 scrolls of butterflies
 n - 3 scrolls of teleportation
 z - a scroll of blinking
 A - a scroll of revelation
 B - a scroll of enchant armour
 D - a scroll of vulnerability
 O - a scroll of silence
 Q - a scroll of enchant weapon
Potions
 b - a potion of magic
 g - a potion of resistance {unknown}
 q - 3 potions of brilliance
 r - a potion of lignification
 v - 2 potions of enlightenment
 x - a potion of berserk rage
 G - 2 potions of might
 J - 3 potions of haste
 P - a potion of invisibility
 T - a potion of heal wounds
Miscellaneous
 R - a box of beasts (inert)


   Skills:
 + Level 7.6 Fighting
 + Level 5.0 Dodging
 - Level 1.7 Stealth
 - Level 5.0 Shields
 * Level 7.4 Spellcasting
 - Level 6.0 Conjurations
 - Level 4.0 Necromancy
 - Level 4.0 Translocations
 - Level 10.0 Earth Magic
 - Level 4.0 Alchemy


You had 2 spell levels left.
You knew the following spells:

 Your Spells              Type           Power      Damage    Failure   Level
a - Magic Dart            Conj           100%       1d8       1%          1
b - Searing Ray           Conj           100%       2d8       1%          2
c - Fulminant Prism       Conj/Alch      29%        3d14      3%          4
d - Iskenderun's Mystic   Conj/Tloc      58%        2d12      (+2d63%     4
e - Olgreb's Toxic Radia  Alch           52%        N/A       4%          4
f - Stone Arrow           Conj/Erth      100%       3d13      1%          3
g - Borgnjor's Vile Clut  Necr/Erth      34%        N/A       3%          5

Your spell library contained the following spells:

 Spells                   Type           Power      Damage    Failure   Level
 Sting                    Conj/Alch      100%       1d9       1%          1
 Mercury Vapours          Alch/Air       68%        N/A       1%          2
 Animate Armour           Summ/Erth      100%       N/A       3%          4
 Animate Dead             Necr           52%        N/A       4%          4
 Death Channel            Necr           26%        N/A       56%         6
 Lehudib's Crystal Spear  Conj/Erth      36%        10d9      99%         8


Dungeon Overview and Level Annotations

Branches:
Dungeon (9/15)             Temple (0/1) D:4            Lair (0/5) D:9
    Orc (1/2) D:9          Bailey (visited)

Shops:
D:1 !!=**   D:7 *

Annotations:
D:1 1 runed translucent door
D:3 exclusion: moth of wrath


Innate Abilities, Weirdness & Mutations

You have an increased reservoir of magic. (+10% MP)
You shall have no god before yourself.
Your divine heritage dramatically boosts your attributes as you level up.
You are partially covered in iridescent scales. (AC +2)
You have supernaturally acute eyesight. (SInv)
Armour fits poorly on your strangely shaped body.


Message History

The orc warrior looks even sicker.
The orc warrior hits you but does no damage.
You now have 1/27 mp.
The orc warrior looks even sicker.
The kobold blastminer looks even sicker.
An orc warrior comes into view. It is wielding a +0 hand axe.
The orc warrior attacks as it pursues you!
The orc warrior hits you from afar with a +1 halberd of flaming.
The orc warrior burns you.
The kobold blastminer unwields a +0 arbalest.
The kobold blastminer hits you.
You take 12 damage, and have 53/101 hp.
The orc warrior is poisoned.
You kill the orc warrior!
Your toxic aura wanes.
The orc warrior throws a boomerang.
The boomerang hits you.
The kobold blastminer hits you but does no damage.
You take 5 damage, and have 48/101 hp.
The kobold blastminer wields a +0 arbalest.
The kobold blastminer shoots a bolt.
You block the bolt.
You see here 22 gold pieces.
The kobold blastminer blasts its cannon at you.
The iron shot hits you!
The kobold blastminer is knocked back by the blast.
You take 15 damage, and have 34/101 hp.
Aiming: Stone Arrow (safe; 1% risk of failure)
Press: ? - help, Q - select action, (/) - cycle Shift-Dir - straight line, f - kobold blastminer
Aim: a kobold blastminer, wielding a +0 arbalest (heavily wounded, very poisoned, 66% to hit)
The stone arrow hits the kobold blastminer.
The kobold blastminer is severely wounded.
The orc warrior throws a boomerang.
You block the boomerang.
The kobold blastminer shoots a bolt.
The bolt hits you.
You take 4 damage, and have 31/101 hp.
You now have 0/27 mp.
You open the lid... ...and a larval shockweird beast leaps out!
The box is emptied!
The kobold blastminer shoots a bolt.
The bolt barely misses you.
The kobold blastminer blasts its cannon at you.
The iron shot hits you!!
You die...

............>..$.....#
..$...#.............#
..)..#[...........o#
.....))...........#
#.......^[#....)o.##
..........)K...)...#
#.....)...H#..##
..............#...#
..............@..##
.$...#.....#.##.##
.#.####..######## #
####


You could see a kobold blastminer (very poisoned) and an orc.

Vanquished Creatures
  An orc warlord (Bailey)
  A boulder beetle (D:9)
  2 two-headed ogres
  Sonja (Orc:1)
  An obsidian bat (Orc:1)
  Pikel (D:7)
  Maurice (D:8)
  A kobold blastminer (Orc:1)
  An elephant (D:9)
  Joseph (D:8)
  Psyche (D:8)
  Grinder (D:5)
  Sigmund (D:2)
  2 shadows (D:9)
  A wyvern (D:8)
  Eustachio (D:4)
  A yak (D:9)
  A steam dragon (D:7)
  Duvessa (D:6)
  2 water moccasins
  Edmund (D:5)
  7 orc warriors
  4 black bears
  An ice beast (D:5)
  2 ogres
  2 phantoms
  2 lemures (D:7)
  Blork the orc (D:4)
  3 kobold brigands
  8 bullfrogs
  3 scorpions
  8 wights
  Dowan (D:6)
  7 killer bees
  3 howler monkeys
  A bombardier beetle (D:5)
  3 hounds
  5 orc priests
  2 jellies
  2 sleepcaps (D:5)
  2 gnoll boudas
  3 iguanas (D:6)
  Natasha (thrice) (D:2)
  Ijyb (D:4)
  8 orc wizards
  8 ogre zombies (D:9)
  Robin (D:4)
  3 gnolls (D:8)
  12 adders
  A shadow imp (D:7)
  2 dart slugs
  10 ribbon worms
  30 orcs
  9 endoplasms
  3 giant cockroaches
  2 gnoll zombies (D:9)
  18 goblins
  14 hobgoblins
  3 jackals (D:2)
  4 quokkas
  6 ball pythons
  7 bats
  4 frilled lizards
  A gnoll skeleton (D:9)
  25 kobolds
  An orc skeleton (D:9)
  21 orc zombies (D:9)
  13 rats
304 creatures vanquished.

Vanquished Creatures (others)
  37 fulminant prisms
37 creatures vanquished.

Grand Total: 341 creatures vanquished

Notes
Turn   | Place    | Note
-------+----------+-------------------------------------------
     0 | D:1      | jasper the Demigod Conjurer began the quest for the Orb.
     0 | D:1      | Reached XP level 1. HP: 14/14 MP: 5/5
     2 | D:1      | Found a runed translucent door.
    82 | D:1      | Found Hostrom's Distillery.
   183 | D:1      | Found Zughur's Distillery.
   324 | D:1      | Reached XP level 2. HP: 22/22 MP: 1/7
   327 | D:1      | Learned a level 2 spell: Searing Ray
   696 | D:1      | Found Ecuhen's General Store.
   755 | D:1      | Found Bicleudo's General Store.
   801 | D:1      | Reached skill level 1 in Fighting
   877 | D:1      | Found Qestem Dare's Jewellery Shoppe.
  1434 | D:2      | Reached XP level 3. HP: 28/28 MP: 2/8
  1633 | D:2      | Noticed Natasha
  1635 | D:2      | Killed Natasha
  1757 | D:2      | Noticed Natasha
  1763 | D:2      | Killed Natasha
  1764 | D:2      | Reached XP level 4. HP: 35/35 MP: 1/10
  1769 | D:2      | Learned a level 4 spell: Fulminant Prism
  1945 | D:2      | Noticed Natasha
  1950 | D:2      | Killed Natasha
  2184 | D:2      | Noticed Sigmund
  2199 | D:2      | Gained mutation: You have supernaturally acute eyesight.
                  | (SInv) [potion of mutation]
  2199 | D:2      | Gained mutation: Armour fits poorly on your strangely
                  | shaped body. [potion of mutation]
  2199 | D:2      | Gained mutation: You are partially covered in iridescent
                  | scales. (AC +2) [potion of mutation]
  2202 | D:2      | Killed Sigmund
  2203 | D:2      | Reached skill level 5 in Conjurations
  2203 | D:2      | Reached skill level 1 in Alchemy
  2203 | D:2      | Reached XP level 5. HP: 28/42 MP: 2/12
  2485 | D:2      | Reached XP level 6. HP: 50/50 MP: 9/13
  2495 | D:2      | Learned a level 4 spell: Iskenderun's Mystic Blast
  3269 | D:3      | Noticed a moth of wrath
  3696 | D:4      | Noticed Robin
  3722 | D:4      | Killed Robin
  3839 | D:4      | Noticed Blork the orc
  3848 | D:4      | Killed Blork the orc
  3849 | D:4      | Reached skill level 1 in Shields
  4273 | D:4      | Found a staircase to the Ecumenical Temple.
  4273 | D:4      | Noticed Ijyb
  4278 | D:4      | Killed Ijyb
  4279 | D:4      | Reached XP level 7. HP: 57/57 MP: 8/15
  4902 | D:4      | Noticed Eustachio
  4910 | D:4      | Killed Eustachio
  5047 | D:5      | Entered Level 5 of the Dungeon
  5103 | D:5      | Noticed Grinder
  5110 | D:5      | Killed Grinder
  5190 | D:5      | Reached skill level 1 in Translocations
  5430 | D:5      | Noticed Edmund
  5442 | D:5      | Killed Edmund
  5443 | D:5      | Reached XP level 8. HP: 55/66 MP: 5/18
  6271 | D:6      | Noticed Duvessa
  6274 | D:6      | Reached skill level 5 in Spellcasting
  6304 | D:6      | Killed Duvessa
  6607 | D:6      | Noticed Dowan
  6637 | D:6      | Killed Dowan
  6837 | D:6      | Reached skill level 5 in Fighting
  7384 | D:6      | Reached XP level 9. HP: 74/74 MP: 12/20
  7472 | D:6      | Learned a level 4 spell: Olgreb's Toxic Radiance
  8119 | D:7      | Reached skill level 5 in Shields
  8191 | D:7      | Found Fith's General Store.
  8195 | D:7      | Bought a scroll of fog for 52 gold pieces
  8444 | D:7      | Noticed a two-headed ogre
  8454 | D:7      | Killed a two-headed ogre
  8482 | D:7      | Learned a level 3 spell: Stone Arrow
  8684 | D:7      | Noticed Pikel
  8693 | D:7      | Killed Pikel
  9002 | D:8      | Noticed Psyche
  9257 | D:8      | Killed Psyche
  9258 | D:8      | Reached XP level 10. HP: 72/84 MP: 11/24
  9316 | D:8      | Noticed a two-headed ogre
  9325 | D:8      | Killed a two-headed ogre
  9326 | D:8      | Reached skill level 1 in Earth Magic
  9332 | D:8      | Learned a level 5 spell: Borgnjor's Vile Clutch
  9427 | D:8      | Noticed Joseph
  9469 | D:8      | Killed Joseph
  9617 | D:8      | Reached skill level 2 in Earth Magic
  9810 | D:1      | Bought a +6 ring of intelligence for 504 gold pieces
 10208 | D:8      | Noticed Maurice
 10223 | D:8      | Killed Maurice
 10224 | D:8      | Reached skill level 1 in Necromancy
 10663 | D:9      | Reached skill level 3 in Earth Magic
 10663 | D:9      | Noticed an elephant
 10688 | D:9      | Killed an elephant
 10894 | D:9      | Noticed a boulder beetle
 10899 | D:9      | Found a flagged portal.
 10917 | D:9      | Killed a boulder beetle
 10918 | D:9      | Reached skill level 4 in Earth Magic
 10920 | Bailey   | Entered a bailey
 10985 | Bailey   | Noticed an orc warlord
 11249 | Bailey   | Found a runed translucent gate.
 11255 | Bailey   | Found a runed translucent gate.
 11256 | Bailey   | Found a runed translucent gate.
 11531 | Bailey   | Killed an orc warlord
 11532 | Bailey   | Reached XP level 11. HP: 9/92 MP: 1/26
 11801 | Bailey   | Reached skill level 9 in Earth Magic
 11801 | Bailey   | Reached XP level 12. HP: 100/100 MP: 27/27
 11987 | D:9      | Found a staircase to the Orcish Mines.
 12358 | D:9      | Found a staircase to the Lair.
 12579 | Orc:1    | Entered Level 1 of the Orcish Mines
 12581 | Orc:1    | Noticed Sonja
 12789 | Orc:1    | Killed Sonja
 12790 | Orc:1    | Reached skill level 10 in Earth Magic
 12791 | Orc:1    | Reached skill level 5 in Dodging
 12827 | Orc:1    | Killed from afar by a kobold blastminer

Illustrated notes

Levels and vault maps discovered:
D:1:      dpeg_arrival_caged_fury, layout_basic, serial_shops,
          nicolae_shop_tiny_real_fake_doors, nicolae_shop_tiny_statue_garden,
          nicolae_shop_crystal, shop, shop, minmay_pentomino_q4
D:2:      layout_rooms, grunt_ministairs_7, uniq_natasha, uniq_sigmund
D:3:      layout_basic, tgw_trog, lemuel_tele_altar, feat_on_display
D:4:      layout_cave_pods, mainiacjoe_overflow_cross_hatched,
          overflow_temple_1_default, minmay_temple_entry_large_hall, hex_tiny,
          minmay_misc_feat_doors, minmay_crossroads, uniq_robin, uniq_eustachio,
          uniq_ijyb, uniq_blork_the_orc
D:5:      layout_basic, mainiacjoe_overflow_boulevard, minivault_27,
          minmay_manual_moon, uniq_grinder, uniq_edmund
D:6:      layout_gridville, zin_scriptorium, uniq_duvessa
D:7:      kb_forest_paths, layout_basic, kennysheep_mini_moat, serial_shops,
          nicolae_shop_pleasant_corner_grove, minmay_gold_behind_fungi,
          uniq_pikel
D:8:      layout_basic, nicolae_sif_muna_condensation, uniq_maurice,
          uniq_joseph, uniq_psyche
D:9:      layout_small_grid, mainiacjoe_overflow_brackets,
          grunt_lair_entry_orc_guard_hut, zombieorc2_lemuel, enter_bailey_2,
          grunt_decor_arrowhead, nicolae_the_louvre
Orc:1:    layout_caves, nicolae_specific_store, uniq_sonja

Skill      XL: |  1  2  3  4  5  6  7  8  9 10 11 12 |
---------------+-------------------------------------+-----
Spellcasting   | 2 3 4 5 6 7 |  7.4
Conjurations   | 4 5 6 |  6.0
Fighting       | 1 2 3 4 5 6 7 |  7.6
Alchemy        | 1 2 3 4 |  4.0
Shields        | 1 2 4 5 |  5.0
Translocations | 1 4 |  4.0
Dodging        | 3 4 5 |  5.0
Earth Magic    | 4 9 10 | 10.0
Necromancy     | 4 |  4.0
Stealth        | |  1.7

Action                     |  1- 3 |  4- 6 |  7- 9 | 10-12 || total
---------------------------+-------+-------+-------+-------++-------
  Melee: Short sword       |     6 |    20 |    12 |       ||    38
         Dagger            |       |       |    33 |    52 ||    85
   Cast: Magic Dart        |    69 |    96 |    89 |    27 ||   281
         Searing Ray       |     8 |    23 |    52 |     7 ||    90
         Fulminant Prism   |       |       |    21 |    16 ||    37
         Iskenderun's Myst |       |       |     2 |     1 ||     3
         Olgreb's Toxic Ra |       |       |       |    36 ||    36
         Stone Arrow       |       |       |       |    42 ||    42
         Borgnjor's Vile C |       |       |       |     2 ||     2
  Evoke: Wand              |       |       |     6 |     7 ||    13
         Box of beasts     |       |       |       |     1 ||     1
    Use: Potion            |       |     4 |       |     5 ||     9
         Scroll            |       |     4 |     7 |     7 ||    18
 Armour: Robe              |     7 |    29 |    77 |    84 ||   197
  Dodge: Dodged            |     5 |    20 |    50 |    74 ||   149
  Block: Buckler           |       |     7 |    24 |    32 ||    63

Table legend: (Time is in decaauts)
 A = Elapsed time spent in this place.
 B = Non-inter-level travel time spent in this place.
 C = Inter-level travel time spent in this place.
 D = Time resting spent in this place.
 E = Time spent auto-exploring this place.
 F = Levels seen in this place.
 G = Mean time per level.
                   A        B        C        D        E       F      G
               +--------+--------+--------+--------+--------+-----+--------+
         Total |  12844 |  12240 |    604 |    732 |   9470 |  11 | 1167.6 |
       Dungeon |  11884 |  11281 |    603 |    609 |   8867 |   9 | 1320.4 |
  Orcish Mines |     62 |     62 |      0 |     14 |      0 |   1 |   62.0 |
        Bailey |    898 |    898 |      0 |    109 |    603 |   1 |  898.0 |
               +--------+--------+--------+--------+--------+-----+--------+

Top non-repeatable levels by time:
     D:4: 1606 daAuts
     D:7: 1469 daAuts
     D:1: 1459 daAuts
     D:9: 1395 daAuts
     D:8: 1299 daAuts
     D:5: 1294 daAuts
     D:2: 1204 daAuts
     D:6: 1202 daAuts
     D:3: 953 daAuts
  Bailey: 898 daAuts
   Orc:1: 62 daAuts
